Connexion

PITTSBURGH Penguins vs EDMONTON Oilers

Created - 24 janvier 2024 at 05:52

Goals
1 2 3 T
PITTSBURGH Penguins 0 3 1 4
EDMONTON Oilers 1 1 0 2
Shots
1 2 3 T
PITTSBURGH Penguins 1 10 12 23
EDMONTON Oilers 6 10 19 35

GoalsPenalties
1st period
1. EDMONTON Oilers , Ryan O'Reilly 16 (Nikolaj Ehlers 42, Rasmus Sandin 20) at 16:05
Tony DeAngelo (EDM) for Tripping (Minor) at 9:21
2nd period
2. PITTSBURGH Penguins , Oliver Bjorkstrand 17 (Brad Marchand 36, Jake Gardiner 32) at 10:11 (PP)
3. EDMONTON Oilers , Arthur Kaliyev 12 (Dylan Strome 16, Yegor Sharangovich 5) at 13:44
4. PITTSBURGH Penguins , Brad Marchand 26 (Jake Gardiner 33, Oliver Bjorkstrand 29) at 14:26
5. PITTSBURGH Penguins , Alexander Barabanov 7 (Anton Lindholm 31) at 17:49
Adam Larsson (PIT) for Slashing (Minor) at 4:41
Tony DeAngelo (EDM) for High sticking (Minor) at 9:25
3rd period
6. PITTSBURGH Penguins , Brad Marchand 27 (Jake Gardiner 34, Justin Kloos 6) at 11:39
Will Butcher (PIT) for Roughing (Minor) at 16:56
Goalie Stats
Darcy Kuemper (PIT), 33 saves from 35 shots - (0,943), W, 27-19-6, 60:00 minutes
Juuse Saros (EDM), 19 saves from 23 shots - (0,826), L, 28-14-6, 60:00 minutes
3 StarsOfficial
1 - Brad Marchand (PIT)
2 - Jake Gardiner (PIT)
3 - Oliver Bjorkstrand (PIT)
Referees : Dean Morton and Dan Marouelli
Linesman : David Brisebois and Andy McElman
Game Note
No Game Note
Finance
Level 1 -- Attendance: 5883 (98,05%) -- Ticket Income $705,960
Level 2 -- Attendance: 3839 (100,00%) -- Ticket Income $391,578
Level 3 -- Attendance: 2000 (100,00%) -- Ticket Income $102,000
Level 4 -- Attendance: 3014 (75,35%) -- Ticket Income $120,560
Luxury Box -- Attendance: 956 (95,60%) -- Ticket Income $229,440
Game was played at the Rexall Place.
Total Attendance: 15692 (93,19%)
Total Ticket Income: $1,549,538
Other Income: $309,908
Total Income: $1,859,446



Team Name Goals Shots Shots Attemp Shots Blocked PIM HIT PP PK FO%
PITTSBURGH Penguins 42341124281 / 2 (50%)044%
EDMONTON Oilers 2356754210 / 2 (0%)156%

PITTSBURGH Penguins
Player Name POS G A P +/- PIM HIT SHT SB MP PP MP PP SHT PK MP PK SHT FO% FOT
Adam LarssonD000-1230220:101:3500:5000% 0
Alexander BarabanovLW/RW101-1003018:000:5800:0000% 0
Andrei SvechnikovLW/RW000-1042019:120:5801:1200% 1
Anton LindholmD011-1000421:161:3501:5500% 0
Brad MarchandLW/RW2132055025:571:4302:33030% 10
Gustav NyquistC/LW/RW000-1004018:000:5800:00040% 15
Jake GardinerD0332042225:421:1002:1400% 0
Jasper WeatherbyC000000000:040:0400:0000% 0
Justin KloosC/RW011101005:160:0400:00080% 5
Kevin ConnautonD0000030115:050:0001:5200% 0
Laurent DauphinC/LW000101005:120:0000:000100% 1
Milan LucicLW0000011014:340:0000:0000% 0
Oliver Bjorkstrand LW/RW1121012020:581:4312:46050% 2
Ross ColtonC0000011114:380:0400:00047% 15
Trevor CarrickD0000030113:130:0000:0000% 0
Vitali KravtsovRW0000002014:470:0000:1300% 1
Will ButcherD0002211124:321:1001:0500% 0
William NylanderC/RW0001000019:241:4301:12044% 18
EDMONTON Oilers
Player Name POS G A P +/- PIM HIT SHT SB MP PP MP PP SHT PK MP PK SHT FO% FOT
Alexander RomanovD0002011015:290:0001:0900% 0
Arthur KaliyevRW1011035016:191:4300:0000% 0
Casey CizikasC000-101204:410:0000:00050% 4
Clayton KellerC/LW/RW000-2020020:212:1500:000100% 1
Colton ParaykoD000-2010022:401:2901:3000% 0
Dylan StromeC0111003016:050:0001:29071% 17
Jack QuinnRW0001011015:540:0000:0000% 1
Joachim BlichfeldLW/RW000000000:000:0000:0000% 0
Mackenzie EntwistleRW000-101104:410:0000:0000% 0
Mitch MarnerRW000-2023020:212:1510:0000% 0
Nico HischierC000-2023121:502:1501:29048% 23
Nikolaj EhlersLW0110002023:341:4301:160100% 2
Oliver Ekman-LarssonD000-2052122:151:2921:0500% 0
Rasmus SandinD0112011115:020:0000:0000% 0
Roman Josi D000-1002122:492:2901:4600% 0
Ryan O'ReillyC/LW1011014018:531:4321:16050% 20
Tony DeAngeloD000-1401121:432:2910:0000% 0
Yegor SharangovichC/LW0111004014:360:0000:0000% 0



Play-by-Play

1st period


0:01 of 1st period - Ryan O'Reilly wins face-off versus William Nylander in neutral zone.
0:20 of 1st period - Ryan O'Reilly is hit by Oliver Bjorkstrand and loses puck.
0:27 of 1st period - Shot by Jack Quinn.
0:27 of 1st period - Shot Blocked by Jake Gardiner.
0:29 of 1st period - Shot by Tony DeAngelo.
0:29 of 1st period - Shot Misses the Net.
1:11 of 1st period - Shot by Oliver Ekman-Larsson.
1:11 of 1st period - Shot Blocked by Anton Lindholm.
1:54 of 1st period - Milan Lucic is hit by Arthur Kaliyev and loses puck.
3:01 of 1st period - Roman Josi is hit by Brad Marchand and loses puck.
3:15 of 1st period - Icing by Justin Kloos.
3:16 of 1st period - Justin Kloos wins face-off versus Nico Hischier in PITTSBURGH Penguins zone.
3:40 of 1st period - Justin Kloos is hit by Clayton Keller and loses puck.
4:32 of 1st period - Arthur Kaliyev is hit by Adam Larsson.
4:34 of 1st period - Shot by Dylan Strome.
4:34 of 1st period - Deflect By Yegor Sharangovich.
4:34 of 1st period - Stopped by Darcy Kuemper with a rebound.
5:16 of 1st period - Shot by Nikolaj Ehlers.
5:16 of 1st period - Stopped by Darcy Kuemper without a rebound.
5:17 of 1st period - Casey Cizikas wins face-off versus William Nylander in PITTSBURGH Penguins zone.
5:20 of 1st period - Shot by Nikolaj Ehlers.
5:20 of 1st period - Stopped by Darcy Kuemper without a rebound.
5:21 of 1st period - William Nylander wins face-off versus Nico Hischier in PITTSBURGH Penguins zone.
5:23 of 1st period - Jake Gardiner is hit by Mitch Marner and loses puck.
5:30 of 1st period - Clayton Keller is hit by Brad Marchand and loses puck.
6:14 of 1st period - William Nylander is hit by Mitch Marner and loses puck.
6:30 of 1st period - Icing by Will Butcher.
6:31 of 1st period - Oliver Bjorkstrand wins face-off versus Ryan O'Reilly in PITTSBURGH Penguins zone.
6:31 of 1st period - Oliver Bjorkstrand is hit by Jack Quinn.
6:52 of 1st period - Icing by Colton Parayko.
6:53 of 1st period - Ross Colton wins face-off versus Ryan O'Reilly in EDMONTON Oilers zone.
7:11 of 1st period - Icing by Adam Larsson.
7:12 of 1st period - Ross Colton wins face-off versus Dylan Strome in PITTSBURGH Penguins zone.
7:12 of 1st period - Ross Colton is hit by Arthur Kaliyev.
7:55 of 1st period - Alexander Romanov is hit by Trevor Carrick and loses puck.
8:29 of 1st period - Nikolaj Ehlers is hit by Trevor Carrick and loses puck.
8:41 of 1st period - Nikolaj Ehlers is hit by Trevor Carrick and loses puck.
9:21 of 1st period - Minor Penalty to Tony DeAngelo for Tripping.
9:22 of 1st period - Nico Hischier wins face-off versus Oliver Bjorkstrand in EDMONTON Oilers zone.
10:17 of 1st period - Gustav Nyquist is hit by Nico Hischier and loses puck.
12:35 of 1st period - Arthur Kaliyev is hit by Jake Gardiner and loses puck.
13:04 of 1st period - Clayton Keller is hit by Justin Kloos and loses puck.
13:34 of 1st period - Nikolaj Ehlers is hit by Jake Gardiner and loses puck.
13:52 of 1st period - Off-side.
13:53 of 1st period - Dylan Strome wins face-off versus Gustav Nyquist in neutral zone.
14:09 of 1st period - Shot by Yegor Sharangovich.
14:09 of 1st period - Stopped by Darcy Kuemper without a rebound.
14:10 of 1st period - Ross Colton wins face-off versus Nico Hischier in PITTSBURGH Penguins zone.
14:10 of 1st period - Trevor Carrick is hit by Nico Hischier and loses puck.
14:22 of 1st period - Oliver Ekman-Larsson is hit by Kevin Connauton and loses puck.
14:31 of 1st period - Mitch Marner is hit by Ross Colton and loses puck.
16:01 of 1st period - Rasmus Sandin is hit by Andrei Svechnikov.
16:03 of 1st period - Shot by Nikolaj Ehlers.
16:03 of 1st period - Shot Hit the Post.
16:05 of 1st period - Shot by Ryan O'Reilly.
16:05 of 1st period - Goal by Ryan O'Reilly - PITTSBURGH Penguins : 0 - EDMONTON Oilers : 1.
16:06 of 1st period - Casey Cizikas wins face-off versus William Nylander in neutral zone.
16:35 of 1st period - Brad Marchand is hit by Mackenzie Entwistle and loses puck.
17:04 of 1st period - Off-side.
17:05 of 1st period - Dylan Strome wins face-off versus Ross Colton in neutral zone.
17:23 of 1st period - Icing by Tony DeAngelo.
17:24 of 1st period - Gustav Nyquist wins face-off versus Dylan Strome in EDMONTON Oilers zone.
17:29 of 1st period - Shot by Alexander Barabanov.
17:29 of 1st period - Shot Misses the Net.
17:33 of 1st period - Shot by Anton Lindholm.
17:33 of 1st period - Shot Misses the Net.
17:49 of 1st period - Shot by Gustav Nyquist.
17:49 of 1st period - Stopped by Juuse Saros with a rebound.
18:28 of 1st period - Jack Quinn is hit by Jake Gardiner.
18:30 of 1st period - Shot by Nikolaj Ehlers.
18:30 of 1st period - Deflect By Ryan O'Reilly.
18:30 of 1st period - Stopped by Darcy Kuemper without a rebound.
18:31 of 1st period - Nico Hischier wins face-off versus William Nylander in PITTSBURGH Penguins zone.
19:54 of 1st period - Icing by Milan Lucic.
19:55 of 1st period - Dylan Strome wins face-off versus Ross Colton in PITTSBURGH Penguins zone.
Goals for this period are 0 for PITTSBURGH Penguins vs 1 for EDMONTON Oilers .
Shots for this period are 1 for PITTSBURGH Penguins vs 6 for EDMONTON Oilers .

2nd period


0:01 of 2nd period - William Nylander wins face-off versus Ryan O'Reilly in neutral zone.
0:24 of 2nd period - Oliver Bjorkstrand is hit by Ryan O'Reilly and loses puck.
0:31 of 2nd period - Shot by Oliver Ekman-Larsson.
0:31 of 2nd period - Shot Misses the Net.
1:05 of 2nd period - Tony DeAngelo is hit by Andrei Svechnikov and loses puck.
2:18 of 2nd period - Shot by Arthur Kaliyev.
2:18 of 2nd period - Stopped by Darcy Kuemper with a rebound.
2:20 of 2nd period - Shot by Alexander Romanov.
2:20 of 2nd period - Stopped by Darcy Kuemper with a rebound.
2:22 of 2nd period - Shot by Rasmus Sandin.
2:22 of 2nd period - Stopped by Darcy Kuemper without a rebound.
2:23 of 2nd period - William Nylander wins face-off versus Casey Cizikas in PITTSBURGH Penguins zone.
2:23 of 2nd period - William Nylander is hit by Casey Cizikas.
2:35 of 2nd period - Shot by Oliver Bjorkstrand .
2:35 of 2nd period - Deflect By Brad Marchand.
2:35 of 2nd period - Shot Blocked by Oliver Ekman-Larsson.
2:37 of 2nd period - Shot by Oliver Bjorkstrand .
2:37 of 2nd period - Stopped by Juuse Saros with a rebound.
2:56 of 2nd period - Oliver Bjorkstrand is hit by Oliver Ekman-Larsson.
2:59 of 2nd period - William Nylander is hit by Oliver Ekman-Larsson.
3:39 of 2nd period - Shot by Milan Lucic.
3:39 of 2nd period - Shot Misses the Net.
4:09 of 2nd period - Shot by Gustav Nyquist.
4:09 of 2nd period - Stopped by Juuse Saros without a rebound.
4:10 of 2nd period - Justin Kloos wins face-off versus Nico Hischier in EDMONTON Oilers zone.
4:36 of 2nd period - Shot by Mitch Marner.
4:36 of 2nd period - Shot Blocked by Anton Lindholm.
4:38 of 2nd period - Shot by Clayton Keller.
4:38 of 2nd period - Shot Misses the Net.
4:40 of 2nd period - Shot by Nico Hischier.
4:40 of 2nd period - Shot Misses the Net.
4:41 of 2nd period - Minor Penalty to Adam Larsson for Slashing.
4:42 of 2nd period - Ryan O'Reilly wins face-off versus Brad Marchand in PITTSBURGH Penguins zone.
5:11 of 2nd period - Shot by Oliver Ekman-Larsson.
5:11 of 2nd period - Stopped by Darcy Kuemper without a rebound.
5:12 of 2nd period - Nico Hischier wins face-off versus Vitali Kravtsov in PITTSBURGH Penguins zone.
6:01 of 2nd period - Icing by Tony DeAngelo.
6:02 of 2nd period - Brad Marchand wins face-off versus Nico Hischier in EDMONTON Oilers zone.
6:08 of 2nd period - Off-side.
6:09 of 2nd period - Ryan O'Reilly wins face-off versus Brad Marchand in neutral zone.
6:13 of 2nd period - Shot by Nikolaj Ehlers.
6:13 of 2nd period - Shot Misses the Net.
6:58 of 2nd period - Shot by Nikolaj Ehlers.
6:58 of 2nd period - Shot Blocked by Will Butcher.
7:00 of 2nd period - Shot by Alexander Romanov.
7:00 of 2nd period - Deflect By Casey Cizikas.
7:00 of 2nd period - Shot Misses the Net.
7:07 of 2nd period - Icing by Will Butcher.
7:08 of 2nd period - Ross Colton wins face-off versus Nico Hischier in PITTSBURGH Penguins zone.
7:53 of 2nd period - Oliver Bjorkstrand is hit by Clayton Keller and loses puck.
8:21 of 2nd period - Arthur Kaliyev is hit by Adam Larsson and loses puck.
8:26 of 2nd period - Shot by Dylan Strome.
8:26 of 2nd period - Shot Misses the Net.
8:43 of 2nd period - Shot by Yegor Sharangovich.
8:43 of 2nd period - Stopped by Darcy Kuemper without a rebound.
8:44 of 2nd period - Nikolaj Ehlers wins face-off versus Gustav Nyquist in PITTSBURGH Penguins zone.
8:51 of 2nd period - Alexander Romanov is hit by Andrei Svechnikov and loses puck.
9:00 of 2nd period - Shot by Alexander Barabanov.
9:00 of 2nd period - Shot Hit the Post.
9:04 of 2nd period - Shot by Gustav Nyquist.
9:04 of 2nd period - Shot Misses the Net.
9:06 of 2nd period - Shot by Gustav Nyquist.
9:06 of 2nd period - Stopped by Juuse Saros without a rebound.
9:07 of 2nd period - Justin Kloos wins face-off versus Nico Hischier in EDMONTON Oilers zone.
9:25 of 2nd period - Minor Penalty to Tony DeAngelo for High sticking.
9:26 of 2nd period - Gustav Nyquist wins face-off versus Ryan O'Reilly in EDMONTON Oilers zone.
9:44 of 2nd period - Off-side.
9:45 of 2nd period - Ryan O'Reilly wins face-off versus William Nylander in neutral zone.
9:51 of 2nd period - Icing by Brad Marchand.
9:52 of 2nd period - William Nylander wins face-off versus Ryan O'Reilly in PITTSBURGH Penguins zone.
10:11 of 2nd period - Shot by Oliver Bjorkstrand .
10:11 of 2nd period - Goal by Oliver Bjorkstrand - PITTSBURGH Penguins : 1 - EDMONTON Oilers : 1.
10:12 of 2nd period - Ryan O'Reilly wins face-off versus Gustav Nyquist in neutral zone.
10:23 of 2nd period - Shot by Gustav Nyquist.
10:23 of 2nd period - Shot Blocked by Rasmus Sandin.
10:33 of 2nd period - Shot by Alexander Barabanov.
10:33 of 2nd period - Stopped by Juuse Saros without a rebound.
10:34 of 2nd period - William Nylander wins face-off versus Nico Hischier in EDMONTON Oilers zone.
10:48 of 2nd period - Icing by Oliver Ekman-Larsson.
10:49 of 2nd period - Gustav Nyquist wins face-off versus Nico Hischier in EDMONTON Oilers zone.
10:49 of 2nd period - Gustav Nyquist is hit by Oliver Ekman-Larsson.
11:09 of 2nd period - Shot by Alexander Barabanov.
11:09 of 2nd period - Stopped by Juuse Saros with a rebound.
11:11 of 2nd period - Shot by Gustav Nyquist.
11:11 of 2nd period - Shot Misses the Net.
11:59 of 2nd period - Shot by Will Butcher.
11:59 of 2nd period - Stopped by Juuse Saros with a rebound.
12:21 of 2nd period - Shot by Oliver Bjorkstrand .
12:21 of 2nd period - Shot Misses the Net.
12:23 of 2nd period - Shot by Brad Marchand.
12:23 of 2nd period - Stopped by Juuse Saros with a rebound.
12:47 of 2nd period - Shot by Milan Lucic.
12:47 of 2nd period - Shot Blocked by Roman Josi .
12:55 of 2nd period - Shot by Vitali Kravtsov.
12:55 of 2nd period - Shot Blocked by Tony DeAngelo.
13:05 of 2nd period - Shot by Nikolaj Ehlers.
13:05 of 2nd period - Shot Misses the Net.
13:07 of 2nd period - Shot by Jack Quinn.
13:07 of 2nd period - Stopped by Darcy Kuemper with a rebound.
13:09 of 2nd period - Shot by Nikolaj Ehlers.
13:09 of 2nd period - Shot Blocked by Ross Colton.
13:36 of 2nd period - Icing by Anton Lindholm.
13:37 of 2nd period - Dylan Strome wins face-off versus Gustav Nyquist in PITTSBURGH Penguins zone.
13:40 of 2nd period - Shot by Yegor Sharangovich.
13:40 of 2nd period - Shot Blocked by Adam Larsson.
13:42 of 2nd period - Shot by Dylan Strome.
13:42 of 2nd period - Shot Blocked by Anton Lindholm.
13:44 of 2nd period - Shot by Arthur Kaliyev.
13:44 of 2nd period - Goal by Arthur Kaliyev - PITTSBURGH Penguins : 1 - EDMONTON Oilers : 2.
13:45 of 2nd period - William Nylander wins face-off versus Dylan Strome in neutral zone.
13:47 of 2nd period - Will Butcher is hit by Alexander Romanov and loses puck.
13:58 of 2nd period - Shot by Yegor Sharangovich.
13:58 of 2nd period - Deflect By Dylan Strome.
13:58 of 2nd period - Stopped by Darcy Kuemper with a rebound.
14:07 of 2nd period - Icing by Jake Gardiner.
14:08 of 2nd period - Brad Marchand wins face-off versus Casey Cizikas in PITTSBURGH Penguins zone.
14:22 of 2nd period - Shot by William Nylander.
14:22 of 2nd period - Deflect By Oliver Bjorkstrand .
14:22 of 2nd period - Shot Misses the Net.
14:26 of 2nd period - Shot by Brad Marchand.
14:26 of 2nd period - Goal by Brad Marchand - PITTSBURGH Penguins : 2 - EDMONTON Oilers : 2.
14:27 of 2nd period - Dylan Strome wins face-off versus Gustav Nyquist in neutral zone.
15:03 of 2nd period - Shot by Arthur Kaliyev.
15:03 of 2nd period - Stopped by Darcy Kuemper with a rebound.
15:15 of 2nd period - Anton Lindholm is hit by Arthur Kaliyev and loses puck.
15:19 of 2nd period - Icing by Anton Lindholm.
15:20 of 2nd period - Ryan O'Reilly wins face-off versus Gustav Nyquist in PITTSBURGH Penguins zone.
15:43 of 2nd period - Shot by William Nylander.
15:43 of 2nd period - Shot Misses the Net.
15:49 of 2nd period - Jack Quinn is hit by Brad Marchand.
16:52 of 2nd period - Icing by Milan Lucic.
16:53 of 2nd period - Dylan Strome wins face-off versus Ross Colton in PITTSBURGH Penguins zone.
17:49 of 2nd period - Shot by Alexander Barabanov.
17:49 of 2nd period - Goal by Alexander Barabanov - PITTSBURGH Penguins : 3 - EDMONTON Oilers : 2.
17:50 of 2nd period - Nico Hischier wins face-off versus Brad Marchand in neutral zone.
17:55 of 2nd period - Shot by Mitch Marner.
17:55 of 2nd period - Stopped by Darcy Kuemper without a rebound.
17:56 of 2nd period - Nico Hischier wins face-off versus William Nylander in PITTSBURGH Penguins zone.
18:32 of 2nd period - William Nylander is hit by Oliver Ekman-Larsson and loses puck.
18:37 of 2nd period - Shot by Brad Marchand.
18:37 of 2nd period - Shot Hit the Post.
18:39 of 2nd period - Shot by Brad Marchand.
18:39 of 2nd period - Shot Blocked by Nico Hischier.
Goals for this period are 3 for PITTSBURGH Penguins vs 1 for EDMONTON Oilers .
Shots for this period are 10 for PITTSBURGH Penguins vs 10 for EDMONTON Oilers .

3rd period


0:01 of 3rd period - Ryan O'Reilly wins face-off versus William Nylander in neutral zone.
0:36 of 3rd period - Shot by Jake Gardiner.
0:36 of 3rd period - Stopped by Juuse Saros without a rebound.
0:37 of 3rd period - Nico Hischier wins face-off versus Gustav Nyquist in EDMONTON Oilers zone.
1:21 of 3rd period - Shot by Alexander Barabanov.
1:21 of 3rd period - Shot Misses the Net.
1:37 of 3rd period - Shot by Arthur Kaliyev.
1:37 of 3rd period - Stopped by Darcy Kuemper without a rebound.
1:38 of 3rd period - Ryan O'Reilly wins face-off versus William Nylander in PITTSBURGH Penguins zone.
2:52 of 3rd period - Shot by Arthur Kaliyev.
2:52 of 3rd period - Shot Blocked by Trevor Carrick.
2:54 of 3rd period - Shot by Arthur Kaliyev.
2:54 of 3rd period - Stopped by Darcy Kuemper without a rebound.
2:55 of 3rd period - Nico Hischier wins face-off versus Gustav Nyquist in PITTSBURGH Penguins zone.
2:58 of 3rd period - Shot by Nico Hischier.
2:58 of 3rd period - Stopped by Darcy Kuemper without a rebound.
2:59 of 3rd period - Nico Hischier wins face-off versus Andrei Svechnikov in PITTSBURGH Penguins zone.
3:03 of 3rd period - Nico Hischier is hit by Kevin Connauton and loses puck.
3:06 of 3rd period - Shot by Nico Hischier.
3:06 of 3rd period - Shot Misses the Net.
3:08 of 3rd period - Shot by Clayton Keller.
3:08 of 3rd period - Shot Hit the Post.
3:17 of 3rd period - Off-side.
3:18 of 3rd period - Ryan O'Reilly wins face-off versus Ross Colton in neutral zone.
3:43 of 3rd period - Shot by Milan Lucic.
3:43 of 3rd period - Stopped by Juuse Saros without a rebound.
3:44 of 3rd period - Nico Hischier wins face-off versus William Nylander in EDMONTON Oilers zone.
3:56 of 3rd period - Shot by Clayton Keller.
3:56 of 3rd period - Shot Misses the Net.
3:58 of 3rd period - Shot by Roman Josi .
3:58 of 3rd period - Stopped by Darcy Kuemper without a rebound.
3:59 of 3rd period - Gustav Nyquist wins face-off versus Jack Quinn in PITTSBURGH Penguins zone.
4:23 of 3rd period - Oliver Ekman-Larsson is hit by Kevin Connauton and loses puck.
4:33 of 3rd period - Shot by Nikolaj Ehlers.
4:33 of 3rd period - Shot Misses the Net.
4:35 of 3rd period - Shot by Nikolaj Ehlers.
4:35 of 3rd period - Shot Blocked by Kevin Connauton.
5:27 of 3rd period - Shot by Nico Hischier.
5:27 of 3rd period - Stopped by Darcy Kuemper without a rebound.
5:28 of 3rd period - Dylan Strome wins face-off versus Ross Colton in PITTSBURGH Penguins zone.
5:34 of 3rd period - Icing by Adam Larsson.
5:35 of 3rd period - Dylan Strome wins face-off versus Ross Colton in PITTSBURGH Penguins zone.
5:35 of 3rd period - Dylan Strome is hit by Adam Larsson.
5:53 of 3rd period - Shot by Dylan Strome.
5:53 of 3rd period - Stopped by Darcy Kuemper with a rebound.
6:27 of 3rd period - Icing by Arthur Kaliyev.
6:28 of 3rd period - Dylan Strome wins face-off versus William Nylander in EDMONTON Oilers zone.
6:28 of 3rd period - Dylan Strome is hit by Brad Marchand.
7:07 of 3rd period - Ryan O'Reilly is hit by Brad Marchand and loses puck.
7:22 of 3rd period - Shot by Roman Josi .
7:22 of 3rd period - Stopped by Darcy Kuemper with a rebound.
8:18 of 3rd period - Shot by Andrei Svechnikov.
8:18 of 3rd period - Stopped by Juuse Saros without a rebound.
8:19 of 3rd period - Dylan Strome wins face-off versus Ross Colton in EDMONTON Oilers zone.
8:19 of 3rd period - Dylan Strome is hit by Milan Lucic.
8:39 of 3rd period - Shot by Dylan Strome.
8:39 of 3rd period - Shot Blocked by Anton Lindholm.
8:53 of 3rd period - Shot by Vitali Kravtsov.
8:53 of 3rd period - Stopped by Juuse Saros without a rebound.
8:54 of 3rd period - Justin Kloos wins face-off versus Ryan O'Reilly in EDMONTON Oilers zone.
9:01 of 3rd period - Shot by Brad Marchand.
9:01 of 3rd period - Stopped by Juuse Saros with a rebound.
9:03 of 3rd period - Shot by Justin Kloos.
9:03 of 3rd period - Deflect By Brad Marchand.
9:03 of 3rd period - Stopped by Juuse Saros without a rebound.
9:04 of 3rd period - Gustav Nyquist wins face-off versus Ryan O'Reilly in EDMONTON Oilers zone.
9:09 of 3rd period - Shot by Gustav Nyquist.
9:09 of 3rd period - Stopped by Juuse Saros without a rebound.
9:10 of 3rd period - William Nylander wins face-off versus Ryan O'Reilly in EDMONTON Oilers zone.
10:14 of 3rd period - Gustav Nyquist is hit by Oliver Ekman-Larsson and loses puck.
10:43 of 3rd period - Shot by Andrei Svechnikov.
10:43 of 3rd period - Stopped by Juuse Saros without a rebound.
10:44 of 3rd period - Ross Colton wins face-off versus Dylan Strome in EDMONTON Oilers zone.
10:52 of 3rd period - Ross Colton is hit by Rasmus Sandin and loses puck.
10:59 of 3rd period - Shot by Yegor Sharangovich.
10:59 of 3rd period - Stopped by Darcy Kuemper without a rebound.
11:00 of 3rd period - Clayton Keller wins face-off versus Justin Kloos in PITTSBURGH Penguins zone.
11:28 of 3rd period - Clayton Keller is hit by Jake Gardiner and loses puck.
11:39 of 3rd period - Shot by Brad Marchand.
11:39 of 3rd period - Goal by Brad Marchand - PITTSBURGH Penguins : 4 - EDMONTON Oilers : 2.
11:40 of 3rd period - Gustav Nyquist wins face-off versus Ryan O'Reilly in neutral zone.
12:23 of 3rd period - Shot by Tony DeAngelo.
12:23 of 3rd period - Shot Misses the Net.
12:45 of 3rd period - Arthur Kaliyev is hit by Andrei Svechnikov and loses puck.
13:24 of 3rd period - Shot by William Nylander.
13:24 of 3rd period - Shot Misses the Net.
13:43 of 3rd period - Icing by Rasmus Sandin.
13:44 of 3rd period - Ross Colton wins face-off versus Dylan Strome in EDMONTON Oilers zone.
13:53 of 3rd period - Shot by Vitali Kravtsov.
13:53 of 3rd period - Stopped by Juuse Saros without a rebound.
13:54 of 3rd period - Ross Colton wins face-off versus Nico Hischier in EDMONTON Oilers zone.
14:16 of 3rd period - Shot by Nico Hischier.
14:16 of 3rd period - Stopped by Darcy Kuemper without a rebound.
14:17 of 3rd period - Laurent Dauphin wins face-off versus Ryan O'Reilly in PITTSBURGH Penguins zone.
14:44 of 3rd period - Ryan O'Reilly is hit by Laurent Dauphin and loses puck.
14:57 of 3rd period - Shot by Jake Gardiner.
14:57 of 3rd period - Stopped by Juuse Saros with a rebound.
14:59 of 3rd period - Shot by Laurent Dauphin.
14:59 of 3rd period - Shot Misses the Net.
15:45 of 3rd period - Shot by Mitch Marner.
15:45 of 3rd period - Stopped by Darcy Kuemper without a rebound.
15:46 of 3rd period - Dylan Strome wins face-off versus Ross Colton in PITTSBURGH Penguins zone.
16:24 of 3rd period - Shot by Ross Colton.
16:24 of 3rd period - Stopped by Juuse Saros without a rebound.
16:25 of 3rd period - William Nylander wins face-off versus Nico Hischier in EDMONTON Oilers zone.
16:25 of 3rd period - Will Butcher is hit by Colton Parayko and loses puck.
16:55 of 3rd period - Clayton Keller is hit by Will Butcher and loses puck.
16:56 of 3rd period - Minor Penalty to Will Butcher for Roughing.
16:57 of 3rd period - Nikolaj Ehlers wins face-off versus Brad Marchand in PITTSBURGH Penguins zone.
17:16 of 3rd period - Shot by Ryan O'Reilly.
17:16 of 3rd period - Stopped by Darcy Kuemper without a rebound.
17:17 of 3rd period - Nico Hischier wins face-off versus Brad Marchand in PITTSBURGH Penguins zone.
17:20 of 3rd period - Shot by Clayton Keller.
17:20 of 3rd period - Shot Hit the Post.
17:22 of 3rd period - Shot by Oliver Ekman-Larsson.
17:22 of 3rd period - Stopped by Darcy Kuemper without a rebound.
17:23 of 3rd period - Nico Hischier wins face-off versus Brad Marchand in PITTSBURGH Penguins zone.
17:24 of 3rd period - Shot by Tony DeAngelo.
17:24 of 3rd period - Shot Misses the Net.
17:26 of 3rd period - Shot by Roman Josi .
17:26 of 3rd period - Shot Misses the Net.
17:38 of 3rd period - Shot by Tony DeAngelo.
17:38 of 3rd period - Shot Misses the Net.
17:40 of 3rd period - Shot by Clayton Keller.
17:40 of 3rd period - Shot Blocked by Adam Larsson.
17:42 of 3rd period - Shot by Mitch Marner.
17:42 of 3rd period - Stopped by Darcy Kuemper without a rebound.
17:43 of 3rd period - Ryan O'Reilly wins face-off versus Brad Marchand in PITTSBURGH Penguins zone.
17:46 of 3rd period - Shot by Ryan O'Reilly.
17:46 of 3rd period - Stopped by Darcy Kuemper without a rebound.
17:47 of 3rd period - Brad Marchand wins face-off versus Nico Hischier in PITTSBURGH Penguins zone.
18:26 of 3rd period - Shot by Tony DeAngelo.
18:26 of 3rd period - Stopped by Darcy Kuemper with a rebound.
18:58 of 3rd period - Shot by Nikolaj Ehlers.
18:58 of 3rd period - Shot Misses the Net.
19:00 of 3rd period - Shot by Mackenzie Entwistle.
19:00 of 3rd period - Stopped by Darcy Kuemper with a rebound.
19:02 of 3rd period - Shot by Casey Cizikas.
19:02 of 3rd period - Stopped by Darcy Kuemper with a rebound.
19:04 of 3rd period - Shot by Mackenzie Entwistle.
19:04 of 3rd period - Shot Misses the Net.
19:06 of 3rd period - Shot by Casey Cizikas.
19:06 of 3rd period - Stopped by Darcy Kuemper with a rebound.
19:08 of 3rd period - Shot by Casey Cizikas.
19:08 of 3rd period - Shot Blocked by Jake Gardiner.
19:49 of 3rd period - Shot by Dylan Strome.
19:49 of 3rd period - Stopped by Darcy Kuemper without a rebound.
19:50 of 3rd period - Dylan Strome wins face-off versus Gustav Nyquist in PITTSBURGH Penguins zone.
Goals for this period are 1 for PITTSBURGH Penguins vs 0 for EDMONTON Oilers .
Shots for this period are 12 for PITTSBURGH Penguins vs 19 for EDMONTON Oilers .